 Dungeon Crawl Stone Soup version 0.26-a0-631-ged93497179 (webtiles) character file.

Game seed: 6908115732320666502

261 DogServant the Insei (level 6, 0/42 HPs)
             Began as an Octopode Transmuter on Sept 11, 2020.
             Was an Initiate of Okawaru.
             Slain by a centaur (2 damage)
             ... on level 5 of the Dungeon.
             The game lasted 00:07:11 (4223 turns).

DogServant the Insei (Octopode Transmuter)          Turns: 4223, Time: 00:07:11

Health: 0/42       AC:  1    Str: 11    XL:     6   Next: 18%
Magic:  10/10      EV: 13    Int: 22    God:    Okawaru [......]
Gold:   221        SH:  0    Dex: 12    Spells: 8/11 levels left

rFire    . . .     SeeInvis .     - Unarmed
rCold    . . .     Faith    .   (no shield)
rNeg     . . .     Spirit   .   (helmet restricted)
rPois    .         Reflect  .   (no amulet)
rElec    .         Harm     .   r - +6 ring of intelligence
rCorr    +         Rampage  .   n - ring of resist corrosion
MR       .....                  (no ring)
Stlth    ++........             (no ring)
HPRegen  0.14/turn              (no ring)
MPRegen  0.12/turn              (no ring)
                                (no ring)
                                (no ring)

@: no status effects
A: almost no armour, stealthy swim, amphibious, 8 rings, constrict 8, camouflage
1, gelatinous body 1
a: Renounce Religion


You were on level 5 of the Dungeon.
You worshipped Okawaru.
Okawaru was noncommittal.
You visited 1 branch of the dungeon, and saw 5 of its levels.

You collected 221 gold pieces.

Inventory:

Hand Weapons
 v - the +7 spear "Nirion" {vorpal, Str+4, unknown}
   (You found it on level 5 of the Dungeon)

   It inflicts extra damage upon your enemies.
   It affects your strength (+4).
Jewellery
 n - a ring of resist corrosion (right tentacle)
 r - a +6 ring of intelligence (left tentacle)
Wands
 m - a wand of random effects (18)
 t - a wand of polymorph (8)
Scrolls
 d - a scroll of vulnerability {unknown}
 g - a scroll of blinking {unknown}
 h - a scroll of enchant armour {unknown}
 i - a scroll of magic mapping {unknown}
 j - a scroll of amnesia {unknown}
 o - 3 scrolls of remove curse {unknown}
 p - a scroll of fog {unknown}
 u - 2 scrolls of teleportation {unknown}
Potions
 a - a potion of brilliance
 b - 3 potions of heal wounds
 c - 3 potions of cancellation
 e - a potion of stabbing
 f - a potion of mutation {unknown}
 k - 5 potions of haste
 l - 2 potions of might
 q - a potion of curing {unknown}
 s - a potion of ambrosia {unknown}


   Skills:
 + Level 3.0 Fighting
 - Level 2.0 Dodging
 + Level 4.1 Unarmed Combat
 + Level 3.3 Spellcasting
 + Level 3.5 Transmutations


You had 8 spell levels left.
You knew the following spells:

 Your Spells              Type           Power        Failure   Level
a - Beastly Appendage     Tmut           ###...       2%          1
b - Wereblood             Tmut           ###.....     4%          2

Your spell library contained the following spells:

 Spells                   Type           Power        Failure   Level
 Spider Form              Tmut/Pois      ##........   17%         3
 Confusing Touch          Hex            #.......     36%         3
 Gell's Gravitas          Tloc           #.........   36%         3
 Ice Form                 Ice/Tmut       ##......     50%         4
 Petrify                  Tmut/Erth      ##......     50%         4
 Blade Hands              Tmut           ###.......   58%         5
 Yara's Violent Unravell  Hex/Tmut       ##........   85%         5
 Metabolic Englaciation   Hex/Ice        #.........   98%         5


Dungeon Overview and Level Annotations

Branches:
Dungeon (5/15)
 Temple: D:4-7

Altars:
Dithmenos
Gozag
Kikubaaqudgha
Okawaru
Yredelemnul
Zin


Innate Abilities, Weirdness & Mutations

You cannot wear most types of armour.
You are very stealthy in the water. (Stealth+)
You are amphibious.
You can wear up to eight rings at the same time.
You can use your tentacles to constrict eight enemies at once.
Your skin changes colour to match your surroundings (Stealth+).
Your rubbery body absorbs attacks. (AC +1, EV +1)


Message History

The centaur shoots an arrow.
The arrow closely misses you.
The centaur shoots an arrow.
The arrow hits you!
You see here 3 arrows.
A centaur is nearby!
The centaur shoots an arrow.
The arrow misses you.
You see here 4 arrows.
The centaur shoots an arrow.
The arrow barely misses you.
The centaur shoots an arrow.
The arrow hits you!
You see here an arrow.
The centaur shoots an arrow.
The arrow hits you!
* * * LOW HITPOINT WARNING * * *
An ice beast comes into view.
The centaur unwields a +0 shortbow.
The centaur closely misses you.
You barely miss the centaur. The centaur hits you!
* * * LOW HITPOINT WARNING * * *
The centaur barely misses you.
You tentacle-slap the centaur. Your squeeze misses the centaur.
The centaur is lightly wounded.
The centaur hits you.
You die...

###.#.#.#.# #..#####..
....#...#.######..#
###.........##....#
.##......)..##....####.#
.##.........##....(....#
.##......#####.[..######.#..
.##.....##._.8#)..((........
.##.....#8...##...#######...
.#########... #c@.# .######
##.#.....# ......#
#......... ......#
...⌠..###.... ......# .#.Y##
...... ......# #.# ......
####### #.. ...... 8. .....


You could see an ice beast and a centaur.

Vanquished Creatures
  An iguana (D:4)
  2 orc wizards (D:4)
  3 worker ants (D:4)
  5 adders
  An ooze (D:3)
  3 dart slugs
  4 leopard geckos
  6 orcs
  6 bats
  A giant cockroach (D:1)
  3 goblins (D:1)
  8 hobgoblins
  5 kobolds
  A quokka (D:3)
  2 ball pythons
  3 frilled lizards
  5 rats
59 creatures vanquished.

Vanquished Creatures (others)
  A leopard gecko skeleton (D:5)
1 creature vanquished.

Grand Total: 60 creatures vanquished

Notes
Turn   | Place    | Note
-------+----------+-------------------------------------------
     0 | D:1      | DogServant the Octopode Transmuter began the quest for the
                  | Orb.
     0 | D:1      | Reached XP level 1. HP: 13/13 MP: 3/3
   250 | D:1      | Reached XP level 2. HP: 18/18 MP: 3/5
  1291 | D:2      | Reached XP level 3. HP: 23/23 MP: 4/6
  1757 | D:2      | Reached XP level 4. HP: 29/29 MP: 7/7
  1762 | D:2      | Learned a level 2 spell: Wereblood
  2157 | D:2      | Found a glowing silver altar of Zin.
  2977 | D:4      | Reached XP level 5. HP: 21/35 MP: 9/9
  3312 | D:4      | Found an iron altar of Okawaru.
  3313 | D:4      | Found an opulent altar of Gozag.
  3319 | D:4      | Became a worshipper of Warmaster Okawaru
  3421 | D:4      | Reached skill level 4 in Unarmed Combat
  3571 | D:4      | Found a shadowy altar of Dithmenos.
  3601 | D:4      | Reached XP level 6. HP: 26/41 MP: 10/10
  4119 | D:5      | Entered Level 5 of the Dungeon
  4160 | D:5      | Found a basalt altar of Yredelemnul.
  4202 | D:5      | Got a crude spear
  4212 | D:5      | Found an ancient bone altar of Kikubaaqudgha.
  4220 | D:5      | Noticed an ice beast
  4222 | D:5      | HP: 2/42 [centaur (8)]
  4223 | D:5      | Slain by a centaur

Illustrated notes

Levels and vault maps discovered:
D:1:      ncdulo_halloftheorcs, layout_basic, serial_forest,
          infiniplex_forest_lined_room_2, infiniplex_forest_lined_room_2,
          infiniplex_forest_lined_ring, infiniplex_forest_end_3,
          infiniplex_forest_side_room, infiniplex_forest_lined_2,
          infiniplex_forest_straight_1, minivault_24
D:2:      layout_loops_cross, zin_treasury, minmay_fountain_box
D:3:      layout_basic
D:4:      layout_loops_ring, nicolae_dithmenos_shadow_blocks,
          gammafunk_temple_overflow_statue
D:5:      layout_basic, grunt_temple_overflow_magic_moments,
          nicolae_overflow_hidden_temple

Skill      XL: |  1  2  3  4  5  6 |
---------------+-------------------+-----
Fighting       | 2 3 |  3.0
Transmutations | 3 |  3.5
Spellcasting   | 3 |  3.3
Unarmed Combat | 4 |  4.1
Dodging        | |  2.0

Action                   |  1- 3 |  4- 6 || total
-------------------------+-------+-------++-------
Melee: Unarmed           |    51 |    86 ||   137
       Constrict         |    15 |    21 ||    36
       Kick              |    15 |     6 ||    21
       Tentacles         |     4 |    15 ||    19
       Punch             |       |     1 ||     1
 Cast: Beastly Appendage |    13 |     3 ||    16
       Wereblood         |       |     1 ||     1
  Use: Scroll            |       |     8 ||     8
 Stab: Sleeping          |     2 |     6 ||     8
Armor: Skin              |       |     5 ||     5
Dodge: Dodged            |    34 |    56 ||    90

Table legend: (Time is in decaauts)
 A = Elapsed time spent in this place.
 B = Non-inter-level travel time spent in this place.
 C = Inter-level travel time spent in this place.
 D = Time resting spent in this place.
 E = Time spent auto-exploring this place.
 F = Levels seen in this place.
 G = Mean time per level.
                   A        B        C        D        E       F      G
               +--------+--------+--------+--------+--------+-----+--------+
         Total |   4211 |   4132 |     79 |    166 |   3451 |   5 |  842.2 |
       Dungeon |   4211 |   4132 |     79 |    166 |   3451 |   5 |  842.2 |
               +--------+--------+--------+--------+--------+-----+--------+

Top non-repeatable levels by time:
     D:1: 1272 daAuts
     D:4: 1184 daAuts
     D:2: 921 daAuts
     D:3: 730 daAuts
     D:5: 103 daAuts
